 Dungeon Crawl Stone Soup version 0.22.1-2-g9c5b331 (webtiles) character file.

277 Fang the Skirmisher (level 6, -4/39 HPs)
             Began as a Gargoyle Berserker on Dec 4, 2018.
             Was a Priest of Trog.
             Slain by a gnoll
             ... wielding a +1 halberd of chopping
              (10 damage)
             ... on level 3 of the Dungeon.
             The game lasted 00:02:28 (1655 turns).

Fang the Skirmisher (Gargoyle Berserker)            Turns: 1655, Time: 00:02:29

Health: -4/39      AC: 15    Str: 23    XL:     6   Next: 26%
Magic:  6/6        EV:  7    Int:  7    God:    Trog [***...]
Gold:   149        SH:  0    Dex:  9    Spells: 5/5 levels left

rFire    . . .     SeeInvis .   a - +0 hand axe
rCold    . . .     Gourm    +   (no shield)
rNeg     + . .     Faith    .   e - +0 plate armour
rPois    ∞         Spirit   .   (no helmet)
rElec    +         Reflect  .   (no cloak)
rCorr    .         Harm     .   (no gloves)
MR       .....                  (no boots)
Stlth    ..........             d - amulet of the gourmand
HPRegen  0.13/turn              (no ring)
MPRegen  0.10/turn              (no ring)

@: berserk cooldown, slowed, very slow
A: negative energy resistance 1, electricity resistance, unbreathing,
petrification resistance, rot immunity, AC +4
a: Berserk, Trog's Hand, Renounce Religion


You were on level 3 of the Dungeon.
You worshipped Trog.
Trog was most pleased with you.
You were very full.

You visited 1 branch of the dungeon, and saw 3 of its levels.

You collected 149 gold pieces.

Inventory:

Hand Weapons
 a - a +0 hand axe (weapon)
Armour
 e - a +0 plate armour (worn)
Jewellery
 d - an amulet of the gourmand (around neck)
Scrolls
 f - a scroll of enchant weapon {unknown}
 g - a scroll of identify {unknown}
 h - a scroll of enchant armour {unknown}
Potions
 b - a potion of curing {unknown}
 i - a potion of mutation {unknown}
 j - a potion of cancellation {unknown}
Comestibles
 c - 5 rations


   Skills:
 + Level 4.7 Fighting
 + Level 4.5 Axes
 + Level 3.5 Armour
 + Level 2.2 Dodging
 + Level 0.5 Stealth


You had 5 spell levels left.
You didn't know any spells.
Your spell library was empty.

Dungeon Overview and Level Annotations

Branches:
Dungeon (3/15)

Altars:


Innate Abilities, Weirdness & Mutations

You are resistant to torment.
Your stone body is resilient. (AC +4)
You are immune to poison.
You resist negative energy. (rN+)
You are resistant to electric shocks. (rElec)
You can survive without breathing.
You are immune to petrification.
You are immune to rotting.


Message History

You closely miss the giant cockroach. The giant cockroach closely misses you.
The gnoll barely misses you. The gnoll hits you but does no damage.
The giant cockroach bites you but does no damage. x2
The gnoll completely misses you.
Unknown command.
You hit the giant cockroach but do no damage.
The gnoll barely misses you.
The giant cockroach bites you but does no damage.
The gnoll hits you but does no damage.
The gnoll hits you from afar with a halberd.
You closely miss the giant cockroach. The giant cockroach barely misses you.
The giant cockroach bites you but does no damage.
The gnoll hits you but does no damage.
The gnoll hits you from afar with a halberd!
* * * LOW HITPOINT WARNING * * *
Unknown command.
You hit the giant cockroach but do no damage.
The giant cockroach bites you but does no damage.
The gnoll hits you from afar with a halberd of chopping!
You die...

### ##### # ..#
..... #.#.#......
#.#.#g.....
#..@s......
########†#g.....
#.......)# #####
#.....##.....#
#.....##.#.#.#
#...))##...#
.#.....######.#
#..............#
###.####.####(#.####


You could see 2 gnolls and a giant cockroach.

Vanquished Creatures
  A centaur (D:2)
  An orc priest (D:3)
  A hound (D:3)
  An orc wizard (D:3)
  2 gnolls (D:3)
  3 adders
  4 leopard geckos
  7 orcs (D:3)
  A ball python (D:2)
  6 giant cockroaches
  6 goblins
  7 hobgoblins
  6 kobolds
  5 bats
  A frilled lizard (D:1)
  8 rats
60 creatures vanquished.

Notes
Turn   | Place    | Note
-------+----------+-------------------------------------------
     0 | D:1      | Fang the Gargoyle Berserker began the quest for the Orb.
     0 | D:1      | Reached XP level 1. HP: 14/14 MP: 1/1
    67 | D:1      | Reached XP level 2. HP: 16/19 MP: 2/2
   393 | D:1      | Reached XP level 3. HP: 21/24 MP: 3/3
   467 | D:1      | Reached ** piety under Trog
   907 | D:2      | Noticed a centaur
   917 | D:2      | Killed a centaur
   917 | D:2      | Reached XP level 4. HP: 16/30 MP: 4/4
   917 | D:2      | Reached XP level 5. HP: 18/34 MP: 5/5
  1414 | D:3      | Reached XP level 6. HP: 15/39 MP: 6/6
  1645 | D:3      | Reached *** piety under Trog
  1655 | D:3      | Slain by a gnoll

Skill      XL: |  1  2  3  4  5 |
---------------+----------------+-----
Axes           | 3 4 |  4.5
Fighting       | 4 |  4.7
Dodging        | 2 |  2.2
Armour         | 3 |  3.5
Stealth        | |  0.5

Action                   |  1- 3 |  4- 6 || total
-------------------------+-------+-------++-------
Melee: Hand axe          |   146 |   101 ||   247
Invok: Berserk           |       |     2 ||     2
  Eat: Chunk             |    14 |     3 ||    17
Armor: Animal skin       |    12 |       ||    12
       Plate armour      |   124 |    96 ||   220
Dodge: Dodged            |    73 |    56 ||   129
